 Dungeon Crawl Stone Soup version 0.29-a0-330-g52719c12eb (webtiles) character file.

Game seed: 15298317908441702711

583 Drom the Slasher (level 7, -14/47 HPs)
             Began as an Octopode Gladiator on May 20, 2022.
             Demolished by an ogre
             ... wielding a +0 giant club
              (23 damage)
             ... on level 6 of the Dungeon.
             The game lasted 00:11:45 (5429 turns).

Drom the Slasher (Octopode Gladiator)               Turns: 5429, Time: 00:11:45

Health: -14/47     AC:  1    Str: 13    XL:     7   Next: 37%
Magic:  7/7        EV: 15    Int: 11    God:
Gold:   237        SH:  0    Dex: 15    Spells: 6/6 levels left

rFire   . . .      SeeInvis .   n - +0 rapier
rCold   . . .      Faith    .   (no shield)
rNeg    . . .      Spirit   .   b - +0 hat
rPois   .          Reflect  .   (no amulet)
rElec   .          Harm     .   (no ring)
rCorr   .          Rampage  .   (no ring)
Will    .....                   (no ring)
Stlth   ++........              (no ring)
HPRegen 0.15/turn               (no ring)
MPRegen 0.10/turn               (no ring)
                                (no ring)
                                (no ring)

@: no status effects
A: almost no armour, amphibious, 8 rings, camouflage 1, gelatinous body 1,
(nimble swimmer 1), tentacles
a: no special abilities


You were on level 6 of the Dungeon.
You visited 1 branch of the dungeon, and saw 6 of its levels.

You collected 237 gold pieces.

Inventory:

Hand Weapons
 a - a +0 long sword
 n - a +0 rapier (weapon)
 p - a +4 quarterstaff of chaos
Missiles
 c - 2 throwing nets (quivered)
 d - 3 javelins
 k - 10 poisoned darts
Armour
 b - a +0 hat (worn)
Wands
 o - a wand of paralysis (12)
Scrolls
 f - a scroll of acquirement {unknown}
 g - 2 scrolls of torment
 h - 4 scrolls of identify {unknown}
 q - a scroll of noise
 s - a scroll of immolation {unknown}
 u - a scroll of teleportation {unknown}
Potions
 e - a potion of degeneration {unknown}
 i - a potion of cancellation {unknown}
 j - a potion of ambrosia {unknown}
 l - 4 potions of curing {unknown}
 m - a potion of lignification {unknown}
 r - a potion of resistance {unknown}
 t - a potion of might {unknown}
 v - 3 potions of invisibility {unknown}
 w - 2 potions of haste {unknown}


   Skills:
 + Level 3.9 Fighting
 * Level 5.7 Long Blades
 + Level 3.8 Throwing
 + Level 4.5 Dodging


You had 6 spell levels left.
You didn't know any spells.
Your spell library contained the following spells:

 Spells                   Type           Power      Damage    Failure   Level
 Apportation              Tloc           0%         N/A       34%         1
 Magic Dart               Conj           0%         1d3       34%         1
 Searing Ray              Conj           0%         2d4       47%         2
 Fulminant Prism          Conj/Hex       0%         3d6       98%         4
 Alistair's Intoxication  Tmut/Pois      0%         N/A       100%        5


Dungeon Overview and Level Annotations

Branches:
Dungeon (6/15)
 Temple: D:4-7

Altars:
Zin

Shops:
D:2 (

Annotations:
D:5 3 runed translucent doors, initializr's ghost, novice DsEE


Innate Abilities, Weirdness & Mutations

You cannot wear most types of armour.
You are amphibious.
You can wear up to eight rings at the same time.
Your skin changes colour to match your surroundings (Stealth+).
Your rubbery body absorbs attacks. (AC +1, EV +1)
((You are camouflaged when in or above water. (Stealth+)))
You have tentacles for arms and can constrict up to eight enemies at once.


Message History

The ogre shouts!
The centaur wields a +0 shortbow.
The centaur shoots an arrow.
The arrow hits you!
The ogre moves out of view.
The centaur unwields a +0 shortbow.
The centaur hits you but does no damage.
The centaur kicks you. The centaur hits you. The centaur misses you.
You hit the centaur.
The centaur is lightly wounded.
The centaur barely misses you. The centaur kicks you.
The centaur attacks as you move away! The centaur misses you.
The centaur kicks you but does no damage.
The centaur wields a +0 shortbow.
The centaur shoots an arrow.
The arrow hits you!
The centaur shoots an arrow.
The arrow hits you!
* * * LOW HITPOINT WARNING * * *
The hound barely misses you.
Found 22 stones.
The hound barely misses you. The ogre barely misses you.
There is a stone staircase leading down here.
The hound misses you.
The centaur unwields a +0 shortbow.
The centaur misses you. The centaur closely misses you. The hound misses you.
You climb downwards.
There is a stone staircase leading up here.
As you read the scroll labelled XORAMA TIT HEMA, it crumbles to dust.
You hear a loud clanging noise!
It was a scroll of noise.
You hear an angry growl.
You hear a bark!
You hear an angry hiss.
You hear an angry growl.
You hear a roar!
The ogre closely misses you. The centaur misses you.
The centaur closely misses you. The hound bites you.
* * * LOW HITPOINT WARNING * * *
As you read the scroll labelled JUCHOS NAEROTO, it crumbles to dust.
Your body is wracked with pain!
* * * LOW HITPOINT WARNING * * *
The hound convulses!
The centaur convulses!
The ogre convulses!
It was a scroll of torment.
The centaur completely misses you. The centaur misses you.
The hound misses you. The centaur barely misses you. The centaur misses you.
The ogre hits you with a +0 giant club!!
You die...

#####+#+#
##.......
.......
#.....
..###....
......Oc# #@#
#h# ... .....
.......
.........
...#.....#.
.............


You could see an ogre, a centaur and a hound.

Vanquished Creatures
  A phantom (D:5)
  A bullfrog (D:3)
  A scorpion (D:5)
  A jelly (D:4)
  4 hounds
  Crazy Yiuf (D:3)
  Ijyb (D:3)
  7 adders
  4 gnolls (D:5)
  A white imp (D:3)
  3 worms (D:2)
  3 dart slugs
  5 ball pythons
  8 bats
  6 endoplasms
  4 giant cockroaches
  4 goblins
  5 hobgoblins
  6 frilled lizards
  10 kobolds
  8 rats
84 creatures vanquished.

Notes
Turn   | Place    | Note
-------+----------+-------------------------------------------
     0 | D:1      | Drom the Octopode Gladiator began the quest for the Orb.
     0 | D:1      | Reached XP level 1. HP: 14/14 MP: 1/1
    76 | D:1      | Reached XP level 2. HP: 19/19 MP: 2/2
    85 | D:1      | Found a faded altar of an unknown god.
   369 | D:1      | Reached XP level 3. HP: 10/24 MP: 3/3
  1405 | D:2      | Reached XP level 4. HP: 29/30 MP: 4/4
  1561 | D:2      | Found Yghieprun's Weapon Emporium.
  2161 | D:3      | Reached skill level 4 in Long Blades
  2545 | D:3      | Reached XP level 5. HP: 29/36 MP: 5/5
  2818 | D:3      | Found a glowing silver altar of Zin.
  2875 | D:3      | Noticed Ijyb
  2878 | D:3      | Paralysed by Ijyb for 4 turns
  2887 | D:3      | Killed Ijyb
  2888 | D:3      | Reached XP level 6. HP: 17/42 MP: 6/6
  3491 | D:3      | Found a runed translucent door.
  3492 | D:3      | Noticed Crazy Yiuf
  3641 | D:3      | Killed Crazy Yiuf
  3964 | D:4      | Reached skill level 5 in Long Blades
  4477 | D:5      | Entered Level 5 of the Dungeon
  4523 | D:5      | Found a runed translucent gate.
  4523 | D:5      | Found a runed translucent gate.
  4523 | D:5      | Found a runed translucent gate.
  4523 | D:5      | Noticed initializr's ghost (novice DsEE)
  4526 | D:5      | Noticed a yak
  4747 | D:5      | Reached XP level 7. HP: 41/46 MP: 7/7
  5429 | D:6      | Demolished by an ogre

Illustrated notes

Levels and vault maps discovered:
D:1:      wander_arrival_desolate, layout_basic, basic_ecumenical_altar
D:2:      layout_basic, serial_shops, shop
D:3:      layout_basic, skrybe_limestone_x, kennysheep_flooded_box,
          uniq_crazy_yiuf_cottage, uniq_ijyb
D:4:      layout_loops_ring
D:5:      layout_loops_ring, gammafunk_ghost_split
D:6:      layout_basic, minmay_temple_entry_statues_pillars

Skill      XL: |  1  2  3  4  5  6 |
---------------+-------------------+-----
Long Blades    | 4 5 |  5.7
Fighting       | 3 |  3.9
Throwing       | 3 |  3.8
Dodging        | 4 |  4.5

Action                   |  1- 3 |  4- 6 |  7- 9 || total
-------------------------+-------+-------+-------++-------
Melee: Long sword        |    59 |    25 |       ||    84
       Constrict         |    10 |    22 |     6 ||    38
       Tentacles         |     6 |    15 |     5 ||    26
       Punch             |     1 |     1 |     1 ||     3
       Rapier            |       |    59 |    25 ||    84
Throw: Throwing net      |       |     1 |       ||     1
  Use: Scroll            |       |       |     2 ||     2
 Stab: Sleeping          |     6 |    11 |     2 ||    19
       Invisible         |       |     1 |       ||     1
Armor: Skin              |    12 |     4 |     2 ||    18
Dodge: Dodged            |    59 |    43 |    39 ||   141

Table legend: (Time is in decaauts)
 A = Elapsed time spent in this place.
 B = Non-inter-level travel time spent in this place.
 C = Inter-level travel time spent in this place.
 D = Time resting spent in this place.
 E = Time spent auto-exploring this place.
 F = Levels seen in this place.
 G = Mean time per level.
                   A        B        C        D        E       F      G
               +--------+--------+--------+--------+--------+-----+--------+
         Total |   5452 |   5309 |    143 |      0 |   4682 |   6 |  908.7 |
       Dungeon |   5452 |   5309 |    143 |      0 |   4682 |   6 |  908.7 |
               +--------+--------+--------+--------+--------+-----+--------+

Top non-repeatable levels by time:
     D:3: 1607 daAuts
     D:2: 1253 daAuts
     D:4: 964 daAuts
     D:1: 911 daAuts
     D:5: 715 daAuts
     D:6: 1 daAuts
